 Dungeon Crawl Stone Soup version 0.29-a0-359-g541a27f54d (webtiles) character file.

Game seed: 10542709166424667435

168 spaghetti the Skirmisher (level 5, 45/47 HPs)
             Began as a Gnoll Abyssal Knight on Apr 27, 2022.
             Was a Priest of Lugonu.
             Quit the game on level 3 of the Dungeon.
             The game lasted 00:06:11 (2835 turns).

spaghetti the Skirmisher (Gnoll Abyssal Knight)     Turns: 2835, Time: 00:06:12

Health: 45/47      AC:  4    Str: 11 (12) XL:     5   Next: 48%
Magic:  8/8        EV: 12    Int:  9      God:    Lugonu [***...]
Gold:   130        SH:  0    Dex: 14 (15) Spells: 7/7 levels left

rFire   . . .      SeeInvis .   d - +1 whip (venom) {mace}
rCold   . . .      Faith    .   (no shield)
rNeg    . . .      Spirit   .   b - +0 leather armour
rPois   .          Reflect  .   (no helmet)
rElec   .          Harm     .   n - +0 cloak
rCorr   .          Rampage  .   (no gloves)
Will    .....                   (no boots)
Stlth   ++........              (no amulet)
HPRegen 0.15/turn               (no ring)
MPRegen 0.11/turn               (no ring)

@: no status effects
A: fangs 1, strong nose, distributed training
a: Renounce Religion, Depart the Abyss, Bend Space, Banish


You were on level 3 of the Dungeon.
You worshipped Lugonu.
Lugonu was most pleased with you.
You visited 1 branch of the dungeon, and saw 3 of its levels.
You visited the Abyss 1 time.

You collected 130 gold pieces.


Innate Abilities, Weirdness & Mutations

You have very sharp teeth.
Your uncanny sense of smell can sniff out nearby items.
Your experience applies equally to all skills.


   Skills:
 + Level 6.7 Fighting
 + Level 4.8 Short Blades
 + Level 1.5 Long Blades
 + Level 1.5 Axes
 + Level 1.5 Maces & Flails
 + Level 1.5 Polearms
 + Level 1.5 Staves
 + Level 1.5 Slings
 + Level 1.5 Bows
 + Level 1.5 Crossbows
 + Level 1.5 Throwing
 + Level 4.8 Armour
 + Level 3.0 Dodging
 + Level 1.5 Stealth
 + Level 1.5 Shields
 + Level 1.5 Unarmed Combat
 + Level 1.5 Spellcasting
 + Level 1.2 Conjurations
 + Level 1.2 Hexes
 + Level 1.2 Summonings
 + Level 1.2 Necromancy
 + Level 1.2 Translocations
 + Level 1.2 Transmutations
 + Level 1.2 Fire Magic
 + Level 1.2 Ice Magic
 + Level 1.2 Air Magic
 + Level 1.2 Earth Magic
 + Level 1.2 Poison Magic
 + Level 4.9 Invocations
 + Level 1.5 Evocations


You had 7 spell levels left.
You didn't know any spells.
Your spell library contained the following spells:

 Spells                   Type           Power      Damage    Failure   Level
 Foxfire                  Conj/Fire      8%         2x1d4     26%         1
 Conjure Flame            Conj/Fire      2%         6-21      63%         3
 Inner Flame              Hex/Fire       2%         N/A       63%         3
 Flame Wave               Conj/Fire      2%         2d4       95%         4

Inventory:

Hand Weapons
 a - a +1 short sword {short}
 d - a +1 whip of venom (weapon) {mace}
   (You took it off an orc on level 2 of the Dungeon)
Missiles
 c - 118 stones (quivered) {throwing}
 h - 2 javelins {throwing}
Armour
 b - a +0 leather armour (worn)
 g - a scarf of repulsion
   (You found it on level 1 of the Dungeon)
 n - a +0 cloak (worn)
   (You found it on level 2 of the Dungeon)
Magical Staves
 r - a staff of air {!astaff}
   (You found it on level 3 of the Dungeon)
Scrolls
 e - a scroll of amnesia {unknown}
 f - 2 scrolls of identify {unknown}
 j - a scroll of fear {unknown}
 k - 2 scrolls of teleportation {unknown}
 l - a scroll of fog {unknown}
 m - a scroll of blinking {unknown}
 q - a scroll of holy word {unknown}
Potions
 i - a potion of curing {@q1}
 o - a potion of attraction {unknown}
 p - a potion of heal wounds {@q2}

Dungeon Overview and Level Annotations

Branches:
Dungeon (3/15)

Altars:

#..........#
#........###
..#.#..)##......
#.$......##(#####
##..........#
.........##.#
.........##.###
###.#.##......#
#.... #.....@#
#..#. #......# ..
#.....>#
........#
##########


There were no monsters in sight!


Message History

Lugonu accepts your kill. The rat closely misses you.
You feel your strength returning.
You feel your intelligence returning.
You feel your dexterity returning.
Your Dodging skill increases to level 3!
You have reached level 5! 😮 HP[+3] MP[+1]
You now have 47 max hp (+6).
You regained 3 hp, and now have 25/47 hp.
Your mp is fully restored (8).
You whack the rat!
You kill the rat!
Lugonu accepts your kill. 😮 HP[+1]
r - a staff of air {!astaff} An endoplasm comes into view. 😮 HP[+6]
You regained 6 hp, and now have 32/47 hp.
An endoplasm is nearby!
An endoplasm is nearby!
An endoplasm is nearby!
An endoplasm is nearby!
You are too injured to fight recklessly!
A giant cockroach comes into view.
There is a stone staircase leading down here.
You hit the endoplasm.
The endoplasm hits you but does no damage. 😮 HP[+1]
You hit the endoplasm.
You kill the endoplasm!
Lugonu accepts your kill.
You closely miss the giant cockroach. The giant cockroach closely misses you.
You hit the giant cockroach.
You kill the giant cockroach!
Lugonu accepts your kill.
You see here a giant cockroach corpse.
You start resting.
k - 2 scrolls labelled SUROOT RUTIC (gained 1)
A kobold comes into view. It is wielding a +0 dagger. 😎 HP[+14]
Your hp is fully restored (47).
A kobold is nearby!
A kobold is nearby!
A kobold is nearby!
A kobold is nearby!
A worm comes into view.
You hit the kobold. Your bite misses the kobold.
The kobold hits you but does no damage.
You hit the kobold.
You kill the kobold!
Lugonu accepts your kill.
A goblin comes into view. It is wielding a +0 dagger.
Things that are here:
a +0 dagger {short}; a kobold corpse You hit the worm.
The worm is poisoned.
You hit the worm.
The worm looks as sick as possible!
The worm bites you! 😕 HP[-7]
You take 7 damage, and now have 40/47 hp.
You are too injured to fight recklessly!
You are too injured to fight recklessly!
You are too injured to fight recklessly!
You are too injured to fight recklessly!
You are too injured to fight recklessly!
You are too injured to fight recklessly!
You are too injured to fight recklessly!
You are too injured to fight recklessly!
You are too injured to fight recklessly!
You are too injured to fight recklessly!
You are too injured to fight recklessly!
You are too injured to fight recklessly!
You are too injured to fight recklessly!
You are too injured to fight recklessly!
You are too injured to fight recklessly!
You hit the worm.
The worm looks as sick as possible!
The teleport trap disappears.
The goblin disappears!
The worm closely misses you.
You hit the worm.
You kill the worm!
Lugonu accepts your kill. 😕 HP[+1]
A ball python comes into view.
Found an escape hatch in the floor.
A ball python is nearby! 😎 HP[+6]
Your hp is fully restored (47).
A ball python is nearby!
A ball python is nearby!
A ball python is nearby!
The helpless ball python fails to defend itself.
You hit the ball python.
The ball python is poisoned.
The ball python bites you. The ball python grabs you.
The ball python constricts you. 😕 HP[-2]
You take 2 damage, and now have 45/47 hp.
You barely miss the ball python.
You kill the ball python!
Lugonu accepts your kill.
You see here a ball python corpse.
Are you sure you want to abandon this character and quit the game? (Confirm with "yes".)

Skill      XL: |  1  2  3  4 |
---------------+-------------+-----
Long Blades    | 1 |  1.5
Axes           | 1 |  1.5
Maces & Flails | 1 |  1.5
Polearms       | 1 |  1.5
Staves         | 1 |  1.5
Slings         | 1 |  1.5
Bows           | 1 |  1.5
Crossbows      | 1 |  1.5
Throwing       | 1 |  1.5
Stealth        | 1 |  1.5
Shields        | 1 |  1.5
Unarmed Combat | 1 |  1.5
Spellcasting   | 1 |  1.5
Evocations     | 1 |  1.5
Conjurations   | 1 |  1.2
Hexes          | 1 |  1.2
Summonings     | 1 |  1.2
Necromancy     | 1 |  1.2
Translocations | 1 |  1.2
Transmutations | 1 |  1.2
Fire Magic     | 1 |  1.2
Ice Magic      | 1 |  1.2
Air Magic      | 1 |  1.2
Earth Magic    | 1 |  1.2
Poison Magic   | 1 |  1.2
Dodging        | 3 |  3.0
Fighting       | |  6.7
Short Blades   | |  4.8
Armour         | |  4.8
Invocations    | |  4.9

Action                   |  1- 3 |  4- 6 || total
-------------------------+-------+-------++-------
Melee: Short sword       |   112 |       ||   112
       Bite              |     9 |     7 ||    16
       Whip              |     2 |    83 ||    85
       Punch             |       |     1 ||     1
Throw: Javelin           |     3 |       ||     3
       Stone             |     1 |    17 ||    18
  Use: Potion            |     4 |       ||     4
 Stab: Sleeping          |     1 |     1 ||     2
Armor: Leather armour    |    33 |    29 ||    62
Dodge: Dodged            |    83 |    68 ||   151

Levels and vault maps discovered:
D:1:      psy_arrival_heroes, layout_basic
D:2:      layout_basic, basic_ecumenical_altar
D:3:      layout_loops_cross

Notes
Turn   | Place    | Note
-------+----------+-------------------------------------------
     0 | Abyss:1  | spaghetti the Gnoll Abyssal Knight began the quest for the
                  | Orb.
     0 | Abyss:1  | Reached XP level 1. HP: 23/23 MP: 3/3
     0 | Abyss:1  | magus.rc [v1.9.6]
    32 | D:1      | You pass through the gate.
    32 | D:1      | Escaped the Abyss
   291 | D:1      | Reached XP level 2. HP: 24/29 MP: 5/5
   678 | D:1      | Reached XP level 3. HP: 14/35 MP: 6/6
  1237 | D:2      | Reached *** piety under Lugonu
  1698 | D:2      | Reached skill level 1 in Long Blades
  1698 | D:2      | Reached skill level 1 in Axes
  1698 | D:2      | Reached skill level 1 in Maces & Flails
  1698 | D:2      | Reached skill level 1 in Polearms
  1698 | D:2      | Reached skill level 1 in Staves
  1698 | D:2      | Reached skill level 1 in Slings
  1698 | D:2      | Reached skill level 1 in Bows
  1698 | D:2      | Reached skill level 1 in Crossbows
  1698 | D:2      | Reached skill level 1 in Throwing
  1698 | D:2      | Reached skill level 1 in Stealth
  1698 | D:2      | Reached skill level 1 in Shields
  1698 | D:2      | Reached skill level 1 in Unarmed Combat
  1698 | D:2      | Reached skill level 1 in Spellcasting
  1698 | D:2      | Reached skill level 1 in Evocations
  1698 | D:2      | Reached XP level 4. HP: 41/41 MP: 7/7
  1930 | D:2      | Found a faded altar of an unknown god.
  2122 | D:2      | You pick up a book of Flames and begin reading...
  2122 | D:2      | You add the spells Foxfire, Conjure Flame, Inner Flame and
                  | Flame Wave to your library.
  2507 | D:3      | Noticed a bullfrog
  2525 | D:2      | Reached skill level 1 in Conjurations
  2525 | D:2      | Reached skill level 1 in Hexes
  2525 | D:2      | Reached skill level 1 in Summonings
  2525 | D:2      | Reached skill level 1 in Necromancy
  2525 | D:2      | Reached skill level 1 in Translocations
  2525 | D:2      | Reached skill level 1 in Transmutations
  2525 | D:2      | Reached skill level 1 in Fire Magic
  2525 | D:2      | Reached skill level 1 in Ice Magic
  2525 | D:2      | Reached skill level 1 in Air Magic
  2525 | D:2      | Reached skill level 1 in Earth Magic
  2525 | D:2      | Reached skill level 1 in Poison Magic
  2624 | D:3      | Killed a bullfrog
  2625 | D:3      | Reached skill level 3 in Dodging
  2625 | D:3      | Reached XP level 5. HP: 25/47 MP: 8/8
  2835 | D:3      | Quit the game

Vanquished Creatures
  A bullfrog (D:3)
  3 adders (D:2)
  2 worms
  3 orcs (D:2)
  3 bats
  6 endoplasms
  4 giant cockroaches
  5 goblins
  A hobgoblin (D:1)
  10 jackals
  3 kobolds
  5 quokkas (D:1)
  6 ball pythons
  2 frilled lizards (D:1)
  3 rats
57 creatures vanquished.

Table legend:
 A = Non-vault XP
 B = Vault XP
 C = Vault XP percentage of total XP
 D = Non-vault monster count
 E = Vault monster count
 F = Vault count percentage of total count
                 A         B        C        D         E       F
            +---------+---------+-------+---------+---------+-------
      Total |     240 |       0 |   0.0 |      57 |       0 |   0.0
            +---------+---------+-------+---------+---------+-------
        D:1 |      44 |       0 |   0.0 |      25 |       0 |   0.0
        D:2 |      89 |       0 |   0.0 |      25 |       0 |   0.0
        D:3 |     107 |       0 |   0.0 |       7 |       0 |   0.0
            +---------+---------+-------+---------+---------+-------

Illustrated notes

Table legend:
 A = Kills in this place as a percentage of kills in entire the game.
 B = Kills by you in this place as a percentage of kills by you in the entire game.
 C = Kills by friends in this place as a percentage of kills by friends in the entire game.
 D = Other kills in this place as a percentage of other kills in the entire game.
 E = Experience gained in this place as a percentage of experience gained in the entire game.
 F = Experience gained in this place divided by the number of levels of this place that you have seen.
                   A       B       C       D       E      F
               +-------+-------+-------+-------+-------+----------------------
         Total | 100.0 | 100.0 |   N/A |   N/A | 100.0 |  60.0
       Dungeon | 100.0 | 100.0 |   N/A |   N/A | 100.0 |  80.0
               +-------+-------+-------+-------+-------+----------------------

Table legend: (Time is in decaauts)
 A = Elapsed time spent in this place.
 B = Non-inter-level travel time spent in this place.
 C = Inter-level travel time spent in this place.
 D = Time resting spent in this place.
 E = Time spent auto-exploring this place.
 F = Levels seen in this place.
 G = Mean time per level.
                   A        B        C        D        E       F      G
               +--------+--------+--------+--------+--------+-----+--------+
         Total |   2814 |   2801 |     13 |    303 |   2099 |   4 |  703.5 |
       Dungeon |   2782 |   2769 |     13 |    303 |   2074 |   3 |  927.3 |
         Abyss |     32 |     32 |      0 |      0 |     25 |   1 |   32.0 |
               +--------+--------+--------+--------+--------+-----+--------+

Top non-repeatable levels by time:
     D:2: 1480 daAuts
     D:1: 1069 daAuts
     D:3: 232 daAuts
 Abyss:1: 32 daAuts
